 Dungeon Crawl Stone Soup version 0.28.0-53-g5a82cb258f (webtiles) character file.

Game seed: 10360149868825480032

392530 safid the Purifying Hill Orc (level 23, 0/240 HPs)
             Began as a Hill Orc Fighter on July 23, 2022.
             Was a High Priest of Elyvilon.
             Slain by an orc warlord
             ... wielding a +1 vorpal battleaxe
              (3 damage)
             ... on level 2 of the Vaults on July 25, 2022.
             The game lasted 02:49:36 (82093 turns).

safid the Purifying Hill Orc (Hill Orc Fighter)    Turns: 82093, Time: 02:49:37

Health: 0/240      AC: 47    Str: 44    XL:     23   Next: 13%
Magic:  13/13      EV:  8    Int:  8    God:    Elyvilon [*****.]
Gold:   2264       SH: 16    Dex:  8    Spells: 22/22 levels left

rFire   . . .      SeeInvis +   a - +8 war axe of Butchery {antimagic, Str+7 Int-2}
rCold   + + .      Faith    .   W - +5 kite shield {reflect}
rNeg    . . .      Spirit   .   O - +14 crystal plate armour "Ywkoufiv" {*Corrode Will+ SInv}
rPois   .          Reflect  +   E - +0 helmet
rElec   +          Harm     .   D - +0 cloak
rCorr   .          Rampage  .   i - +2 pair of gloves {Dex+3}
Will    +++..                   B - +2 pair of boots {Stlth+}
Stlth   ..........              Z - amulet of the acrobat
HPRegen 0.50/turn               U - ring "Lizxot" {Fly rElec rC++ Str-3 SInv}
MPRegen 0.13/turn               w - ring of Magefat {+Blink Will+ Str+10 Int+2 Dex-5}

@: flying
A: no striking features
}: 2/15 runes: decaying, gossamer
a: Renounce Religion, Evoke Blink, Purification, Heal Other, Heal Self, Divine
Vigour


You were on level 2 of the Vaults.
You worshipped Elyvilon.
Elyvilon was extremely pleased with you.
You visited 8 branches of the dungeon, and saw 39 of its levels.
You visited 1 bazaar.
You also visited: Sewer, Ossuary, Gauntlet, Wizlab and Desolation.

You collected 4771 gold pieces.
You spent 2507 gold pieces at shops.

Inventory:

Hand Weapons
 a - the +8 war axe of Butchery (weapon) {antimagic, Str+7 Int-2}
   (You found it on level 13 of the Dungeon)

   It reduces the magical energy of the wielder, and disrupts the spells and
   magical abilities of those it strikes.
   Natural abilities and divine invocations are not affected.
   Str:       It affects your strength (+7).
   Int:       It affects your intelligence (-2).
 b - the +8 longbow "Zephyr" {speed, Dex+3 SInv}
   (You took it off a minotaur in a Gauntlet)

   Attacks with this weapon are significantly faster.
   Dex:       It affects your dexterity (+3).
   SInv:      It lets you see invisible.
Missiles
 j - 34 poisoned darts (quivered)
 q - 6 silver javelins
 u - a curare-tipped dart
 G - 1027 arrows
 Q - 3 throwing nets
Armour
 i - a +2 pair of gloves of dexterity (worn)
 B - a +2 pair of boots of stealth (worn)
 D - a +0 cloak (worn)
 E - a +0 helmet (worn)
 O - the +14 crystal plate armour "Ywkoufiv" (worn) {*Corrode Will+ SInv}
   (You found it in the Desolation of Salt)

   SInv:      It lets you see invisible.
   *Corrode:  It may corrode you when you take damage.
   Will:      It increases your willpower.
 S - the +9 plate armour of the Mantidfly {rElec rCorr}
   (You took it off a minotaur in a Gauntlet)

   rElec:     It insulates you from electricity.
   rCorr:     It protects you from acid and corrosion.
 W - a +5 kite shield of reflection (worn)
Jewellery
 d - a ring of positive energy
 r - a ring of magical power
 w - the ring of Magefat (right hand) {+Blink Will+ Str+10 Int+2 Dex-5}
   (You bought it in a shop on level 1 of the Elven Halls)

   [ring of willpower]

   Str:       It affects your strength (+10).
   Int:       It affects your intelligence (+2).
   Dex:       It affects your dexterity (-5).
   +Blink:    It lets you blink.
   Will:      It increases your willpower.
 y - the ring of Numo {+Blink rPois Str+2}
   (You bought it in a shop on level 1 of the Elven Halls)

   [ring of poison resistance]

   Str:       It affects your strength (+2).
   rPois:     It protects you from poison.
   +Blink:    It lets you blink.
 H - a ring of protection from fire
 U - the ring "Lizxot" (left hand) {Fly rElec rC++ Str-3 SInv}
   (You found it in the Desolation of Salt)

   [ring of flight]

   Str:       It affects your strength (-3).
   rC:        It greatly protects you from cold.
   rElec:     It insulates you from electricity.
   SInv:      It lets you see invisible.
   Fly:       It grants you flight.
 Z - an amulet of the acrobat (around neck)
Wands
 x - a wand of acid (11)
 J - a wand of paralysis (6)
 K - a wand of iceblast (23)
 L - a wand of digging (10)
 P - a wand of charming (12)
 R - a wand of polymorph (34)
 X - a wand of mindburst (25)
Scrolls
 e - 6 scrolls of fog
 g - 7 scrolls of blinking
 m - 16 scrolls of teleportation
 F - 2 scrolls of holy word
 I - 2 scrolls of magic mapping
 T - 4 scrolls of fear
 V - a scroll of summoning
 Y - 3 scrolls of silence
Potions
 f - 13 potions of haste
 k - 15 potions of mutation
 l - 7 potions of lignification
 o - 5 potions of might
 p - 3 potions of berserk rage
 s - 6 potions of resistance
 t - 6 potions of magic
 v - 8 potions of ambrosia
 z - 4 potions of cancellation
 A - 4 potions of invisibility
 C - 14 potions of curing
Miscellaneous
 n - a tin of tremorstones (2/2)
 M - a phantom mirror


   Skills:
 O Level 27 Fighting
 - Level 18.0 Axes
 + Level 1.4 Bows
 - Level 10.0 Throwing
 + Level 14.1 Armour
 + Level 6.1 Dodging
 - Level 14.0 Shields
 O Level 27 Invocations
 + Level 8.1 Evocations


You had 22 spell levels left.
You didn't know any spells.
Your spell library contained the following spells:

 Spells                   Type           Power      Damage    Failure   Level
 Animate Skeleton         Necr           0%         N/A       99%         1
 Apportation              Tloc           0%         N/A       99%         1
 Foxfire                  Conj/Fire      0%         2x1d4     99%         1
 Magic Dart               Conj           0%         1d3       99%         1
 Shock                    Conj/Air       0%         1d3       99%         1
 Slow                     Hex            0%         N/A       99%         1
 Sting                    Tmut/Pois      0%         1d3       99%         1
 Summon Small Mammal      Summ           0%         N/A       99%         1
 Blink                    Tloc           0%         N/A       100%        2
 Passwall                 Tmut/Erth      0%         N/A       100%        2
 Poisonous Vapours        Pois/Air       0%         N/A       100%        2
 Static Discharge         Conj/Air       0%         N/A       100%        2
 Call Canine Familiar     Summ           0%         N/A       100%        3
 Confusing Touch          Hex            0%         N/A       100%        3
 Conjure Flame            Conj/Fire      0%         6-21      100%        3
 Frozen Ramparts          Ice            0%         1d2       100%        3
 Ignite Poison            Fire/Tmut/Pois 0%         N/A       100%        3
 Inner Flame              Hex/Fire       0%         N/A       100%        3
 Lesser Beckoning         Tloc           0%         N/A       100%        3
 Ozocubu's Armour         Ice            0%         N/A       100%        3
 Spider Form              Tmut/Pois      0%         N/A       100%        3
 Stone Arrow              Conj/Erth      0%         3d7       100%        3
 Summon Guardian Golem    Hex/Summ       0%         N/A       100%        3
 Tukima's Dance           Hex            0%         N/A       100%        3
 Vampiric Draining        Necr           0%         2d6       100%        3
 Anguish                  Hex/Necr       0%         N/A       100%        4
 Animate Armour           Summ/Erth      0%         N/A       100%        4
 Animate Dead             Necr           0%         N/A       100%        4
 Flame Wave               Conj/Fire      0%         2d4       100%        4
 Fulminant Prism          Conj/Hex       0%         3d6       100%        4
 Ice Form                 Ice/Tmut       0%         N/A       100%        4
 Iskenderun's Mystic Bla  Conj/Tloc      0%         2d3       100%        4
 Olgreb's Toxic Radiance  Pois           0%         N/A       100%        4
 Passage of Golubria      Tloc           0%         N/A       100%        4
 Summon Ice Beast         Ice/Summ       0%         N/A       100%        4
 Summon Lightning Spire   Summ/Air       0%         N/A       100%        4
 Blade Hands              Tmut           0%         N/A       100%        5
 Borgnjor's Vile Clutch   Necr/Erth      0%         N/A       100%        5
 Freezing Cloud           Conj/Ice/Air   0%         6-21      100%        5
 Irradiate                Conj/Tmut      0%         3d13      100%        5
 Lee's Rapid Deconstruct  Erth           0%         3d5*      100%        5
 Lightning Bolt           Conj/Air       0%         1d11      100%        5
 Manifold Assault         Tloc           0%         N/A       100%        5
 Metabolic Englaciation   Hex/Ice        0%         N/A       100%        5
 Summon Forest            Summ/Tloc      0%         N/A       100%        5
 Summon Mana Viper        Hex/Summ       0%         N/A       100%        5
 Yara's Violent Unravell  Hex/Tmut       0%         3d3       100%        5
 Conjure Ball Lightning   Conj/Air       0%         3x3d6     100%        6
 Death Channel            Necr           0%         N/A       100%        6
 Simulacrum               Ice/Necr       0%         N/A       100%        6
 Statue Form              Tmut/Erth      0%         N/A       100%        6
 Summon Cactus Giant      Summ           0%         N/A       100%        6
 Dragon Form              Tmut           0%         N/A       100%        7
 Enfeeble                 Hex            0%         N/A       100%        7
 Malign Gateway           Summ/Tloc      0%         N/A       100%        7
 Orb of Destruction       Conj           0%         9d5       100%        7
 Ozocubu's Refrigeration  Ice            0%         4d5       100%        7
 Spellforged Servitor     Conj/Summ      0%         N/A       100%        7
 Storm Form               Tmut/Air       0%         N/A       100%        7
 Disjunction              Tloc           0%         N/A       100%        8
 Lehudib's Crystal Spear  Conj/Erth      0%         10d2      100%        8
 Maxwell's Capacitive Co  Air            0%         ∞         100%        8
 Summon Horrible Things   Summ           0%         N/A       100%        8
 Fire Storm               Conj/Fire      0%         5d1       100%        9
 Polar Vortex             Ice            0%         N/A       100%        9


Dungeon Overview and Level Annotations

Branches:
Dungeon (15/15)            Temple (0/1) D:4            Lair (6/6) D:9
  Swamp (4/4) Lair:3       Spider (4/4) Lair:2        Slime (0/5) Lair:5
    Orc (2/2) D:9             Elf (1/3) Orc:2        Vaults (3/5) D:13
  Crypt (0/3) Vaults:3     Depths (4/4) D:15            Zot (0/5) Depths:4
  Sewer (visited)         Ossuary (visited)          WizLab (visited)
Desolation (visited)      Gauntlet (visited)

Altars:
Cheibriados
Dithmenos
Elyvilon
Fedhas
Gozag
Nemelex Xobeh
Okawaru
Ru
Sif Muna
Trog
Uskayaw
Wu Jian
Xom
Zin
The Shining One
Jiyva

Shops:
Orc:2 (![!   Elf:1 [=(:==   Vaults:1 (   Vaults:2 (   Vaults:3 =   Depths:1 **

Portals:
Hell: Depths:1 Depths:2 Depths:3 Depths:4
Abyss: Depths:1 Depths:3
Pandemonium: Depths:2 Depths:4
Ziggurat: Depths:4
Trove: D:12 (give +2 gold dragon scales)

Annotations:
D:3 1 runed translucent door, Crazy Yiuf
D:7 Joseph
D:9 1 runed translucent door
D:10 Erolcha
Lair:2 1 runed translucent door, JJisdabomb's ghost, journeyman DsFi
Lair:6 exclusion: oklob plant


Message History

You kill the purple ugly thing!
You block the brown ugly thing's attack.
The orc knight roars a battlecry!
The orc warlord goes into a battle-frenzy!
You cut the orc knight into ribbons!!!
You kill the orc knight!
You barely miss the orc warlord. You slash the brown ugly thing!
The orc warlord hits you but does no damage.
You block the brown ugly thing's attack.
Unknown command.
You slice the brown ugly thing like a ripe choko!!!
You kill the brown ugly thing!
You slash the orc warlord!
The orc warlord hits you with a +1 vorpal battleaxe!
Unknown command.
The orc warlord hits you but does no damage.
Things that are here:
a +0 ring mail; a +0 flail; a human corpse You hit the orc warlord but do no damage.
The orc warlord is moderately wounded.
The orc warlord hits you with a +1 vorpal battleaxe!!!
Unknown command.
You slice the orc warlord!!
The orc warlord is heavily wounded.
You block the orc warlord's attack.
You slice the orc warlord!!
The orc warlord is severely wounded.
You slash the orc warlord!
The orc warlord is almost dead.
The orc warlord hits you with a +1 vorpal battleaxe!!!
* * * LOW HITPOINT WARNING * * *
x2 You slash the orc warlord!
The orc warlord is almost dead.
The orc warlord hits you with a +1 vorpal battleaxe!!
* * * LOW HITPOINT WARNING * * *
x2 You slash the orc warlord!
The orc warlord is almost dead.
The orc warlord hits you with a +1 vorpal battleaxe!!
Elyvilon protects you from harm!
You die...

##.....##
##.......##
##..#####..##
#...#...#...#
#...'...#...#
#...#...#...#
##..#####..##
##.......##
##)@o÷.## ####
##[>)## #..#
############'#
...#
#............#
..##
#............#
.##
#............#
#####
#............#
##..#
#............#
#...#
#............#


You could see an orc warlord (strong).

Vanquished Creatures
  An ancient lich (WizLab)
  Mara (Swamp:4)
  2 juggernauts
  Boris (twice) (Depths:4 Vaults:2)
  2 golden dragons
  5 tentacled monstrosities
  2 walking crystal tomes (Depths:3)
  A walking earthen tome (Depths:3)
  A lich (Depths:4)
  A walking frostbound tome (Depths:3)
  A quicksilver dragon (Depths:4)
  3 titans
  3 sphinxes
  2 ancient champions (WizLab)
  A thorn hunter (Swamp:4)
  Gastronok (Lair:3)
  A storm dragon (Depths:4)
  A shadow dragon (Depths:3)
  Roxanne (D:14)
  Kirke (Spider:1)
  A tengu reaver (Depths:3)
  A revenant (Vaults:3)
  3 fire giants
  A draconian monk (Depths:4)
  5 frost giants
  2 imperial myrmidons (Desolation)
  4 emperor scorpions
  Louise (Spider:2)
  4 vault wardens
  A draconian shifter (Depths:4)
  A deep elf sorcerer (Elf:1)
  5 ghost moths
  A spriggan defender (Depths:3)
  3 orc warlords
  A balrug (Depths:2)
  A draconian annihilator (Depths:4)
  An angel (Vaults:2)
  4 ironbound preservers (Vaults:2)
  10 stone giants
  3 ironbound thunderhulks
  4 very ugly things
  4 war gargoyles
  2 broodmothers (Spider:1)
  3 green draconians (Depths:4)
  2 vampire knights (Depths:3)
  2 eleionomae
  A deep elf demonologist (Elf:1)
  4 dire elephants (Vaults:1)
  4 halazid warlocks (Desolation)
  3 deep elf annihilators (Elf:1)
  A yellow draconian (Depths:4)
  Azrael (D:12)
  A minotaur (Gauntlet)
  13 spark wasps
  5 entropy weavers
  3 bunyips (Swamp:3)
  A white draconian (Depths:4)
  A red draconian (Depths:4)
  3 crystal guardians
  A merfolk impaler (Depths:4)
  2 jiangshi (Depths:3)
  A merfolk javelineer (Depths:1)
  2 deep elf death magi
  Josephine (Orc:1)
  7 ice dragons
  A deep elf high priest (Elf:1)
  4 ettins
  7 fire dragons
  A spriggan zombie (Depths:2)
  2 rakshasas
  9 ragged hierophants (Desolation)
  8 vault guards
  7 yaktaur captains
  Fannar (D:12)
  A jorogumo (Spider:3)
  4 boulder beetles
  7 ironbound frosthearts
  8 servants of whispers (Desolation)
  A hell beast (Depths:4)
  2 ghost crabs (Swamp:4)
  3 radroaches (Spider:3)
  3 spriggan air magi
  2 death knights
  6 two-headed ogres
  15 centaur warriors
  9 peacekeepers
  7 tengu warriors
  6 alligators
  4 deep troll shamans
  A two-headed ogre (shapeshifter) (Depths:2)
  9 dancing weapons (Elf:1)
  A death scarab (Gauntlet)
  10 death yaks
  2 vampire magi
  9 spriggans
  3 orc high priests (Orc:2)
  8 spriggan berserkers
  7 deep troll earth magi
  2 sun demons (Depths:2)
  2 soul eaters
  6 iron trolls
  8 skeletal warriors
  A fire crab (Gauntlet)
  A titan skeleton (Vaults:2)
  6 hell knights
  4 goliath frogs
  A death drake (Swamp:4)
  6 pharaoh ants
  A steelbarb worm (shapeshifter) (Depths:3)
  A spectral death yak (Gauntlet)
  40 deep trolls
  3 glowing orange brains
  A sun moth (Spider:2)
  6 bog bodies
  3 spriggan druids
  4 steelbarb worms
  A deep elf archer (Elf:1)
  A deep troll (shapeshifter) (Depths:3)
  11 orb spiders
  7 swamp dragons
  2 necromancers
  3 spectral hydras (Swamp:4)
  A phantasmal warrior (Swamp:4)
  8 lindwurms
  13 ironbound convokers
  7 harpies
  6 wizards
  Pikel (D:7)
  12 deep elf zephyrmancers (Elf:1)
  11 orc knights
  20 wolf spiders
  A sphinx skeleton (Depths:2)
  11 deep elf pyromancers
  A cyclops (D:12)
  5 orc sorcerers
  A frost giant zombie (Depths:2)
  39 ugly things
  A stone giant zombie (Vaults:2)
  7 moths of wrath
  3 manticores
  A human zombie (Vaults:2)
  3 will-o-the-wisps
  8 vault sentinels
  An elephant (shapeshifter) (Depths:3)
  3 elephants (Lair:6)
  3 gargoyles
  3 black mambas
  A smoke demon (Depths:4)
  2 rust devils
  Maggie (D:8)
  Maurice (D:8)
  8 torpor snails
  14 cane toads
  4 molten gargoyles
  18 komodo dragons
  An unseen horror (Depths:3)
  5 swamp worm zombies (Swamp:4)
  2 rime drakes
  An unseen horror (shapeshifter) (Elf:1)
  10 demonic crawlers
  A freezing wraith (Vaults:3)
  2 tengu conjurers
  13 yaktaurs
  3 hydra zombies (Swamp:4)
  A hellwing (Depths:2)
  A red devil (Depths:2)
  An ice devil (Depths:2)
  12 meliai
  6 trolls
  37 tarantellas
  2 queen bees
  9 tyrant leeches
  8 hornets
  8 blink frogs
  2 alligator zombies (Swamp:4)
  56 saltlings (Desolation)
  36 slime creatures
  7 dream sheep (Lair:5)
  3 spectral swamp dragons (Swamp:4)
  A centaur simulacrum (D:15)
  20 jumping spiders
  A flying skull (Vaults:2)
  13 water elementals
  A ynoxinul (Depths:2)
  5 wyverns
  A spriggan (shapeshifter) (D:15)
  6 wraiths
  3 fire bats (Gauntlet)
  5 vampires
  55 yaks
  4 shadows
  4 large abominations (Depths:3)
  3 basilisks
  14 culicivoras
  46 redbacks
  A hog (Spider:1)
  5 humans (D:13)
  3 chaos spawn
  5 fire elementals
  A steam dragon (Lair:6)
  12 vampire mosquitoes
  A neqoxec (Depths:4)
  6 two-headed ogre zombies (WizLab)
  13 swamp worms
  2 wargs
  20 water moccasins
  2 acid dragons
  8 hell hounds
  Duvessa (D:5)
  21 orc warriors
  A floating eye (Depths:2)
  3 swamp drakes (Swamp:1)
  A black bear (shapeshifter) (Elf:1)
  3 black bears
  A hornet zombie (D:8)
  6 small abominations (Depths:3)
  3 sky beasts
  4 swamp dragon zombies (Swamp:4)
  20 wolves
  2 necrophages (D:8)
  5 ogres
  A human skeleton (Vaults:2)
  7 phantoms
  24 centaurs
  5 kobold brigands
  5 bullfrogs
  15 scorpions
  A gnoll sergeant (D:9)
  2 earth elementals (Elf:1)
  Dowan (D:5)
  8 troll zombies (WizLab)
  38 killer bees
  15 wights
  3 howler monkeys
  3 vampire bats (D:7)
  An electric eel (Lair:2)
  6 lava snakes
  7 centaur zombies
  A bullfrog zombie (D:7)
  6 jellies
  15 orc priests
  A bullfrog skeleton (D:6)
  3 hounds
  2 centaur skeletons (D:6)
  Terence (D:3)
  2 iguanas
  22 orc wizards
  2 spectral swamp drakes (Swamp:4)
  4 ogre zombies (WizLab)
  6 mummies
  A howler monkey zombie (D:8)
  7 adders
  4 gnolls (D:9)
  A river rat (D:3)
  A white imp (D:8)
  4 worms
  6 dart slugs
  51 orcs
  14 ball pythons
  15 bats
  20 endoplasms
  12 giant cockroaches
  3 goblins
  6 hobgoblins
  4 jackals (D:1)
  A quokka (D:3)
  6 frilled lizards
  2 hobgoblin zombies (Ossuary)
  30 kobolds
  6 rats
1626 creatures vanquished.

Vanquished Creatures (collateral kills)
  An emperor scorpion (Spider:4)
  2 wolf spiders (Spider:4)
  A meliai (Spider:4)
  A jumping spider (Spider:4)
  A culicivora (Spider:4)
  A redback (Spider:4)
7 creatures vanquished.

Vanquished Creatures (others)
  A deep elf master archer (Elf:1)
  A fire giant (Depths:2)
  A bunyip (Swamp:4)
  A deep elf annihilator (Elf:1)
  3 hydras
  A vault guard (D:13)
  A spriggan air mage (Depths:4)
  A centaur warrior (D:13)
  A two-headed ogre (D:13)
  2 alligators
  A spriggan berserker (Depths:4)
  A manticore (D:14)
  An unseen horror (shapeshifter) (D:14)
  A meliai (D:13)
  4 bloated husks
  A tarantella (Spider:2)
  A slime creature (D:13)
  A vampire (D:13)
  3 humans
  A basilisk (D:14)
  An orc warrior (Orc:2)
  2 phantoms (Swamp:4)
  A fire vortex (D:13)
  14 foxfires
  38 fungi
  32 plants
116 creatures vanquished.

Grand Total: 1749 creatures vanquished

Notes
Turn   | Place    | Note
-------+----------+-------------------------------------------
     0 | D:1      | safid the Hill Orc Fighter began the quest for the Orb.
     0 | D:1      | Reached XP level 1. HP: 19/19 MP: 1/1
   127 | D:1      | Reached XP level 2. HP: 26/27 MP: 2/2
   371 | D:1      | Found a faded altar of an unknown god.
   541 | D:1      | Prayed at the altar of an unknown god.
   541 | D:1      | Became a worshipper of Elyvilon the Healer
   541 | D:1      | Reached * piety under Elyvilon
  1022 | D:2      | Reached XP level 3. HP: 33/33 MP: 3/3
  1060 | D:2      | Reached ** piety under Elyvilon
  1104 | D:2      | Identified the +1 mace "Mahaar" {elec, Str+5 Dex-2}
  1425 | D:2      | Reached XP level 4. HP: 40/40 MP: 4/4
  1840 | D:3      | Found a sacrificial altar of Ru.
  1875 | D:3      | Noticed Terence
  1884 | D:3      | Killed Terence
  1885 | D:3      | Reached skill level 5 in Axes
  1932 | D:3      | Reached XP level 5. HP: 16/46 MP: 5/5
  2012 | D:3      | Found a glowing drain.
  2103 | Sewer    | Entered a sewer
  2400 | Sewer    | Noticed a kobold brigand
  2406 | Sewer    | Killed a kobold brigand
  2407 | Sewer    | Reached XP level 6. HP: 48/52 MP: 6/6
  3147 | D:3      | Found a runed translucent door.
  3148 | D:3      | Noticed Crazy Yiuf
  3165 | D:3      | Reached *** piety under Elyvilon
  3512 | D:4      | Found a staircase to the Ecumenical Temple.
  3522 | D:4      | Reached XP level 7. HP: 56/59 MP: 7/7
  3585 | D:4      | Identified the +7 ring mail of the Many Violins {rElec}
  4068 | D:5      | Entered Level 5 of the Dungeon
  4256 | D:5      | Reached skill level 10 in Axes
  4262 | D:5      | Noticed a wyvern
  4276 | D:5      | Killed a wyvern
  4277 | D:5      | Reached XP level 8. HP: 33/66 MP: 8/8
  4794 | D:5      | Noticed Dowan
  4795 | D:5      | Noticed Duvessa
  4798 | D:5      | Reached **** piety under Elyvilon
  4799 | D:5      | Killed Dowan
  4808 | D:5      | Killed Duvessa
  5304 | D:6      | Reached XP level 9. HP: 57/71 MP: 9/9
  5380 | D:6      | Found a sand-covered staircase.
  5389 | Ossuary  | Entered an ossuary
  5702 | D:6      | Noticed a two-headed ogre
  5722 | D:6      | Killed a two-headed ogre
  5723 | D:6      | Reached skill level 15 in Axes
  6157 | D:6      | Found a snail-covered altar of Cheibriados.
  6544 | D:7      | Reached skill level 1 in Dodging
  6544 | D:7      | Reached skill level 1 in Invocations
  6611 | D:7      | Noticed a hornet
  6625 | D:7      | Killed a hornet
  6887 | D:7      | Reached ***** piety under Elyvilon
  6900 | D:7      | Noticed Joseph
  7155 | D:7      | Reached XP level 10. HP: 80/80 MP: 11/11
  7208 | D:7      | Noticed Pikel
  7255 | D:7      | Killed Pikel
  7256 | D:7      | Reached skill level 5 in Fighting
  7256 | D:7      | Reached skill level 5 in Armour
  7948 | D:7      | You fall into a shaft and drop 1 floor!
  8277 | D:8      | Noticed Maurice
  8324 | D:8      | Killed Maurice
  8788 | D:8      | Found a shimmering blue altar of Sif Muna.
  8808 | D:8      | Found a sparkling altar of Nemelex Xobeh.
  8888 | D:8      | Noticed Maggie
  8913 | D:8      | Killed Maggie
  8914 | D:8      | Reached skill level 5 in Invocations
  9202 | D:8      | Reached skill level 5 in Dodging
  9991 | D:9      | Reached XP level 11. HP: 77/91 MP: 15/15
 10420 | D:9      | Reached skill level 1 in Evocations
 10935 | D:9      | Found a staircase to the Lair.
 10963 | D:9      | Found a runed translucent door.
 10965 | D:9      | Found a runed translucent door.
 11150 | D:9      | Found a staircase to the Orcish Mines.
 11377 | D:10     | Entered Level 10 of the Dungeon
 11408 | D:10     | HP: 4/92 [orc warrior/+0 halberd (1)]
 11819 | D:10     | Noticed a two-headed ogre
 11905 | D:10     | Killed a two-headed ogre
 12919 | D:10     | Noticed a two-headed ogre
 12921 | D:10     | Noticed Erolcha
 13130 | Lair:1   | Entered Level 1 of the Lair of Beasts
 13206 | Lair:1   | Noticed an eight-headed hydra
 13209 | Lair:1   | Pacified an eight-headed hydra
 13379 | Lair:1   | Reached XP level 12. HP: 67/103 MP: 18/18
 13573 | Lair:1   | Reached ****** piety under Elyvilon
 14597 | Lair:2   | Found a hole to the Spider Nest.
 14738 | Lair:2   | Reached skill level 5 in Evocations
 15181 | Lair:2   | Noticed JJisdabomb's ghost (journeyman DsFi)
 15406 | Lair:2   | Found a runed translucent door.
 15691 | Lair:2   | Noticed a seven-headed hydra
 15693 | Lair:2   | Pacified a seven-headed hydra
 16481 | Lair:3   | Reached skill level 10 in Fighting
 16749 | Lair:3   | Noticed a six-headed hydra
 16751 | Lair:3   | Pacified a six-headed hydra
 16752 | Lair:3   | Reached skill level 10 in Invocations
 17022 | Lair:3   | Noticed Gastronok
 17057 | Lair:3   | Killed Gastronok
 17792 | Lair:3   | Reached XP level 13. HP: 53/114 MP: 16/20
 17817 | Lair:3   | Reached skill level 10 in Armour
 18276 | Lair:3   | Found a staircase to the Swamp.
 22107 | Lair:5   | Found a staircase to the Slime Pits.
 22107 | Lair:5   | Found a viscous altar of Jiyva.
 22825 | Lair:6   | Entered Level 6 of the Lair of Beasts
 22834 | Lair:6   | Found a blossoming altar of Fedhas.
 23011 | Lair:6   | Reached XP level 14. HP: 82/126 MP: 23/23
 23452 | Lair:6   | Found a large runed translucent door.
 23856 | Lair:5   | HP: 5/126 [death yak (16)]
 24157 | Lair:5   | Reached skill level 15 in Invocations
 24475 | Lair:6   | HP: 2/126 [death yak (21)]
 24805 | Lair:6   | Identified the +4 halberd of Karma {venom, Int+4}
 25824 | Lair:6   | Found a large runed translucent door.
 26849 | D:11     | Elyvilon protects you from harm!
 28217 | D:12     | Noticed Azrael
 28235 | D:12     | Elyvilon protects you from harm!
 28238 | D:12     | Killed Azrael
 29457 | D:12     | Noticed Fannar
 29505 | D:12     | Killed Fannar
 29733 | D:12     | Noticed Nessos
 29734 | D:12     | Pacified Nessos
 29826 | D:12     | Found a portal to a secret trove of treasure.
 30002 | D:12     | Reached XP level 15. HP: 131/132 MP: 27/27
 32178 | D:13     | Identified the +8 war axe of Butchery {antimagic, Str+7
                  | Int-2}
 32210 | D:13     | Identified the +6 hand crossbow of Patterns {speed, rF+
                  | Stlth+}
 33114 | D:13     | Found a gate to the Vaults.
 33777 | D:14     | Found a shimmering altar of Xom.
 33885 | D:14     | Noticed Rupert
 33889 | D:14     | Pacified Rupert
 34014 | D:14     | Identified Roxanne's Guide on Shape Shifting
 34014 | D:14     | Noticed Roxanne
 34033 | D:14     | Killed Roxanne
 34262 | D:14     | Noticed Jorgrun
 34263 | D:14     | Pacified Jorgrun
 35003 | D:14     | Found a shadowy altar of Dithmenos.
 35131 | D:15     | Entered Level 15 of the Dungeon
 35170 | D:15     | Found a gate leading to a gauntlet.
 35182 | Gauntlet | Entered a Gauntlet
 35182 | Gauntlet | Found a transporter.
 35182 | Gauntlet | Found a transporter.
 35182 | Gauntlet | Found a transporter.
 35314 | Gauntlet | Found a transporter.
 35316 | Gauntlet | Found a transporter.
 35318 | Gauntlet | Found a transporter.
 35327 | Gauntlet | Found a transporter.
 35327 | Gauntlet | Found a transporter.
 35328 | Gauntlet | Found a transporter.
 35329 | Gauntlet | Found a transporter.
 35337 | Gauntlet | Found a transporter.
 35337 | Gauntlet | Found a transporter.
 35638 | Gauntlet | Reached XP level 16. HP: 121/143 MP: 10/30
 35755 | Gauntlet | Identified the +4 spear "Ynuta Iff" {freeze, Str+3}
 35768 | Gauntlet | Identified the +9 plate armour of the Mantidfly {rElec
                  | rCorr}
 35945 | Gauntlet | Got Dispater's Papyrus of Igneous Attacks
 36258 | D:15     | Found a staircase to the Depths.
 36267 | D:15     | Reached skill level 5 in Shields
 37447 | Orc:1    | Entered Level 1 of the Orcish Mines
 37447 | Orc:1    | Noticed Josephine
 37461 | Orc:1    | Killed Josephine
 37533 | Orc:2    | Entered Level 2 of the Orcish Mines
 38461 | Orc:2    | Found an iron altar of Okawaru.
 38581 | Orc:2    | Found a staircase to the Elven Halls.
 39720 | Orc:2    | Found Sibaem's Armour Shop.
 39720 | Orc:2    | Found Keghur's Distillery.
 39722 | Orc:2    | Found Sekoaf's Antique Weapon Shop.
 39722 | Orc:2    | Found Videric's Distillery.
 39979 | Orc:2    | Bought a potion of lignification for 48 gold pieces
 39979 | Orc:2    | Bought a potion of resistance for 160 gold pieces
 39979 | Orc:2    | Bought a potion of haste for 160 gold pieces
 39981 | Orc:2    | Bought a potion of cancellation for 112 gold pieces
 39981 | Orc:2    | Bought a potion of berserk rage for 70 gold pieces
 39981 | Orc:2    | Bought 2 potions of heal wounds for 140 gold pieces
 40469 | Depths:1 | Entered Level 1 of the Depths
 41036 | Depths:1 | Reached skill level 10 in Shields
 41219 | Depths:1 | Found Zin's Purification Station.
 41231 | Depths:1 | Found a glowing silver altar of Zin.
 41874 | Depths:1 | Found a one-way gate to the infinite horrors of the Abyss.
 42108 | Depths:1 | Found Big Baal Hell's Store.
 42631 | Swamp:1  | Entered Level 1 of the Swamp
 42778 | Swamp:1  | Reached XP level 17. HP: 117/152 MP: 10/31
 43271 | Swamp:1  | Reached skill level 1 in Throwing
 43324 | Swamp:1  | Noticed a tentacled monstrosity
 43340 | Swamp:1  | Killed a tentacled monstrosity
 43568 | Swamp:1  | Noticed a tentacled monstrosity
 43589 | Swamp:1  | Killed a tentacled monstrosity
 45711 | Swamp:4  | Entered Level 4 of the Swamp
 46292 | Swamp:4  | Noticed Mara
 46390 | Swamp:4  | HP: 6/152 [Mara/+1 demon blade of freezing (12)]
 46395 | Swamp:4  | Killed Mara
 48083 | Swamp:4  | Noticed a bone dragon
 48103 | Swamp:4  | Pacified a bone dragon
 48311 | Swamp:4  | Got a decaying rune of Zot
 48815 | Elf:1    | Entered Level 1 of the Elven Halls
 49030 | Elf:1    | Reached XP level 18. HP: 161/161 MP: 10/32
 49263 | Elf:1    | Identified the +2 quarterstaff "Mygg" {flame, Int+4}
 49367 | Elf:1    | Got the Volume of the Ancient Queens
 49436 | Elf:1    | Found Goshruaw's Armour Boutique.
 49457 | Elf:1    | Found Busoiroh's Antique Weapon Boutique.
 49465 | Elf:1    | Reached skill level 5 in Throwing
 49551 | Elf:1    | Found Eschavut's One-of-a-Kind Books.
 49717 | Elf:1    | Found Deenaw's Jewellery Shoppe.
 49824 | Elf:1    | Found a huge runed gate.
 49824 | Elf:1    | Found a huge runed gate.
 49824 | Elf:1    | Found a huge runed gate.
 49824 | Elf:1    | Found a huge runed gate.
 49824 | Elf:1    | Found a huge runed gate.
 49824 | Elf:1    | Found a huge runed gate.
 49824 | Elf:1    | Found a huge runed gate.
 49826 | Elf:1    | Found a huge runed gate.
 49831 | Elf:1    | Found a huge runed gate.
 49832 | Elf:1    | Found a huge runed gate.
 49946 | Elf:1    | Found a huge runed gate.
 49946 | Elf:1    | Found a huge runed gate.
 49946 | Elf:1    | Found a huge runed gate.
 49946 | Elf:1    | Found a huge runed gate.
 49946 | Elf:1    | Found a huge runed gate.
 49947 | Elf:1    | Found a huge runed gate.
 49948 | Elf:1    | Found a huge runed gate.
 49949 | Elf:1    | Found a huge runed gate.
 49950 | Elf:1    | Found a huge runed gate.
 49959 | Elf:1    | Found a huge runed gate.
 49959 | Elf:1    | Found a huge runed gate.
 49959 | Elf:1    | Found a huge runed gate.
 49959 | Elf:1    | Found a huge runed gate.
 49959 | Elf:1    | Found a huge runed gate.
 49959 | Elf:1    | Found a huge runed gate.
 49960 | Elf:1    | Found a huge runed gate.
 49961 | Elf:1    | Found a huge runed gate.
 49962 | Elf:1    | Found a huge runed gate.
 50111 | Elf:1    | Found a huge runed gate.
 50111 | Elf:1    | Found a huge runed gate.
 50111 | Elf:1    | Found a huge runed gate.
 50111 | Elf:1    | Found a huge runed gate.
 50111 | Elf:1    | Found a huge runed gate.
 50111 | Elf:1    | Found a huge runed gate.
 50111 | Elf:1    | Found a huge runed gate.
 50112 | Elf:1    | Found a huge runed gate.
 50138 | Elf:1    | Found Tirhaeh's Jewellery Emporium.
 50289 | Elf:1    | Found Xuemmops's Jewellery Shoppe.
 50292 | Elf:1    | Bought the ring of Magefat {+Blink Will+ Str+10 Int+2
                  | Dex-5} for 751 gold pieces
 50292 | Elf:1    | Bought the ring of Numo {+Blink rPois Str+2} for 534 gold
                  | pieces
 50560 | Elf:1    | Noticed a deep elf blademaster
 50562 | Elf:1    | Noticed a deep elf master archer
 50562 | Elf:1    | Pacified a deep elf blademaster
 50563 | Elf:1    | Pacified a deep elf master archer
 50564 | Elf:1    | Reached skill level 15 in Fighting
 50564 | Elf:1    | Noticed a deep elf blademaster
 50572 | Elf:1    | Killed a deep elf master archer
 51000 | Spider:1 | Entered Level 1 of the Spider Nest
 51359 | Spider:1 | HP: 7/163 [disintegration (35)]
 52303 | Spider:1 | Noticed Kirke
 52320 | Spider:1 | Killed Kirke
 53000 | Spider:2 | Identified the +5 scale mail of Lozxeron {-Cast Str+7
                  | Int-2}
 53012 | Spider:2 | Noticed Louise
 53032 | Spider:2 | Killed Louise
 53744 | Spider:2 | Identified a scroll of acquirement
 53745 | Spider:2 | Acquired a +0 pair of boots of rampaging
 54000 | Spider:3 | Identified the +7 dagger of Governance {antimagic, rC+}
 55092 | Spider:3 | Reached XP level 19. HP: 172/172 MP: 11/34
 56125 | Spider:3 | Found a hide-covered altar of Uskayaw.
 56318 | Spider:4 | Entered Level 4 of the Spider Nest
 59883 | Spider:4 | Got a gossamer rune of Zot
 61068 | Depths:1 | Found a gateway to Hell.
 61201 | Depths:2 | Noticed a juggernaut
 61527 | Depths:1 | Killed a juggernaut
 61771 | Depths:2 | Reached skill level 10 in Throwing
 61875 | Depths:2 | Noticed a juggernaut
 61875 | Depths:2 | Noticed a tentacled monstrosity
 61878 | Depths:2 | Paralysed by a floating eye for 3 turns
 61893 | Depths:2 | Paralysed by a floating eye for 2 turns
 61898 | Depths:2 | Paralysed by a floating eye for 4 turns
 61905 | Depths:2 | Paralysed by a floating eye for 3 turns
 61912 | Depths:2 | Killed a juggernaut
 61913 | Depths:2 | Reached XP level 20. HP: 119/187 MP: 8/36
 61918 | Depths:2 | Paralysed by a floating eye for 4 turns
 63485 | Depths:2 | Found an opulent altar of Gozag.
 63754 | Depths:2 | Found a one-way gate leading to the halls of Pandemonium.
 66116 | Depths:3 | Identified the +4 chain mail "Earthly Heaven" {+Inv rPois
                  | rF+}
 66160 | Depths:3 | Found a hide-covered altar of Uskayaw.
 66167 | Depths:3 | Found an ornate altar of the Wu Jian Council.
 66201 | Depths:3 | Found a flickering gateway to a bazaar.
 66210 | Bazaar   | Entered a bazaar
 66494 | Bazaar   | Found Guulaoz's Armour Emporium.
 66510 | Bazaar   | Found Vygar's Distillery.
 66526 | Bazaar   | Found Causmeaj's Antique Weapon Emporium.
 66542 | Bazaar   | Found Rouwut's Book Emporium.
 66542 | Bazaar   | Found Peinimp's Distillery.
 66584 | Bazaar   | Bought a potion of haste for 110 gold pieces
 66584 | Bazaar   | Bought a potion of curing for 33 gold pieces
 66584 | Bazaar   | Bought 2 potions of haste for 220 gold pieces
 66584 | Bazaar   | Bought a potion of curing for 33 gold pieces
 66584 | Bazaar   | Bought a potion of invisibility for 88 gold pieces
 66624 | Bazaar   | Bought a potion of curing for 24 gold pieces
 66624 | Bazaar   | Bought a potion of curing for 24 gold pieces
 67663 | Depths:3 | Noticed a golden dragon
 67674 | Depths:3 | Killed a golden dragon
 69271 | Depths:3 | Got the Tome of Ice
 69566 | Depths:4 | Entered Level 4 of the Depths
 70265 | Depths:4 | Reached XP level 21. HP: 147/202 MP: 12/38
 71110 | Depths:4 | Found a gate to the Realm of Zot.
 71110 | Depths:4 | Noticed a golden dragon
 71110 | Depths:4 | Noticed a bone dragon
 71111 | Depths:4 | Pacified a bone dragon
 71139 | Depths:4 | Killed a golden dragon
 72246 | Depths:4 | Noticed Boris
 72261 | Depths:4 | Killed Boris
 72615 | Depths:4 | Found a bloodstained altar of Trog.
 72910 | Depths:4 | Found a one-way gateway to a ziggurat.
 73640 | Vaults:1 | Entered Level 1 of the Vaults
 73663 | Vaults:1 | Reached skill level 27 in Invocations
 73681 | Vaults:1 | Found Gyky's Weapon Emporium.
 73696 | Vaults:1 | Elyvilon protects you from harm!
 74262 | Vaults:1 | Found a magical portal.
 74267 | WizLab   | Entered Zonguldrok's Shrine
 74886 | WizLab   | Noticed an antique lich
 74898 | WizLab   | Killed an antique lich
 74916 | WizLab   | Found the +9 sword of Zonguldrok {reap}
 76434 | Vaults:1 | Reached XP level 22. HP: 212/220 MP: 13/39
 76716 | Vaults:2 | Noticed Boris
 76723 | Vaults:2 | Killed Boris
 77322 | Vaults:2 | Found a glowing silver altar of Zin.
 77325 | Vaults:2 | Found a glowing golden altar of the Shining One.
 77332 | Vaults:2 | Found a crumbling gateway.
 77334 | Vaults:2 | Found a white marble altar of Elyvilon.
 77365 | Desolati | Entered the Desolation of Salt
 77713 | Desolati | Got the Compendium of Darkness and the Voyage
 78303 | Desolati | Identified the +14 crystal plate armour "Ywkoufiv"
                  | {*Corrode Will+ SInv}
 78697 | Desolati | Identified the ring "Lizxot" {Fly rElec rC++ Str-3 SInv}
 79288 | Vaults:2 | Found Hosopium's Antique Weapon Boutique.
 79454 | Vaults:2 | You fall into a shaft and drop 1 floor!
 79454 | Vaults:3 | Found Soddeiw's Jewellery Boutique.
 80971 | Vaults:2 | Acquired 596 gold pieces
 81211 | Vaults:3 | Reached XP level 23. HP: 202/239 MP: 13/40
 81644 | Vaults:3 | Found a staircase to the Crypt.
 81760 | Vaults:3 | Reached skill level 27 in Fighting
 81801 | Vaults:2 | Reached skill level 1 in Bows
 82092 | Vaults:2 | HP: 8/240 [orc warlord/+1 vorpal battleaxe (23)]
 82092 | Vaults:2 | HP: 3/240 [orc warlord/+1 vorpal battleaxe (5)]
 82093 | Vaults:2 | Elyvilon protects you from harm!
 82093 | Vaults:2 | Slain by an orc warlord

Illustrated notes

Levels and vault maps discovered:
D:1:      minmay_arrival_loop, layout_basic, basic_ecumenical_altar
D:2:      layout_loops_ring
D:3:      layout_basic, nicolae_ru_awakened_eye, portal_sewer_entry_e,
          amcnicky_mini_pool_small, uniq_terence, uniq_crazy_yiuf_cottage
D:4:      layout_loops_ring, minmay_temple_entry_antechambers
D:5:      layout_cave_pools, uniq_duvessa
D:6:      layout_basic, kennysheep_slug_shrine, nicolae_ossuary_entry_ruins
D:7:      layout_basic, roderic_batcave, uniq_joseph, uniq_pikel
D:8:      layout_rooms, mainiacjoe_overflow_catwalk,
          mainiacjoe_overflow_concentric_impassable, serial_undead,
          serial_undead_f, serial_undead_d, serial_undead_a, serial_undead_e,
          uniq_maggie, uniq_maurice
D:9:      lemuel_insect_pit, layout_loops_ring, lair_entry_dummy, orc_0_dummy
D:10:     layout_cave_pools, nicolae_fountain_basement, uniq_erolcha
D:11:     layout_loops_ring
D:12:     layout_basic, enter_trove_6, uniq_nessos, uniq_fannar, uniq_azrael
D:13:     kennysheep_four_of_diamonds, layout_basic, ximxim_vaults_locker_room,
          small_statue_intersection
D:14:     layout_roguey, nicolae_dithmenos_the_darkroom,
          minmay_misc_feat_nine_boxes, columned_hall_lemuel, xom_redecorated,
          uniq_roxanne, uniq_rupert, uniq_jorgrun
D:15:     grunt_enter_depths_snipers, layout_basic, serial_park_avenue1,
          gauntlet_entry_generic
Lair:1:   layout_cave_shapes, chequers_serial_rivers_micro_d, grunt_megastairs_1
Lair:2:   lemuel_slime, layout_chaotic_city, nicolae_spider_entry_non_spiders,
          hellmonk_ghost_happy_afterlife, chequers_serial_rivers_small_3,
          infiniplex_staircase_pool_2, serial_bayou_shore_a
Lair:3:   layout_roguey [special_room_bee], minmay_swamp_entry_worms,
          hangedman_lair_unloving_vines, uniq_gastronok
Lair:4:   layout_small_grid
Lair:5:   layout_layer_cave, slime_altar_1, grunt_megastairs_4
Lair:6:   cheibrodos_lair_end_hotspot, layout_loops_ring, lemuel_oklob_altar
Swamp:1:  layout_basic_swamp, evilmike_swamp_ruin_rubble_1, swamp_pool1,
          st_swamp_ruins_1
Swamp:2:  layout_basic_swamp, nicolae_swamp_little_swirl, swamp_pool1,
          infiniplex_staircase_pool
Swamp:3:  layout_basic_swamp, evilmike_swamp_ruin_house_2, swamp_pool1
Swamp:4:  swamp_pestilence, layout_basic_swamp, uniq_mara
Spider:1: layout_spider_delve, nicolae_spider_not_touching_you, uniq_kirke
Spider:2: layout_spider_delve, hangedman_spider_tarantella_strand, uniq_louise
Spider:3: nicolae_spider_hall_of_the_moth_king, nicolae_spider_altar_of_dancing
Spider:4: guppyfry_spider_rune, portal_ice_cave_entry_ugly_swarm,
          einodemon_crawler_minivault
Orc:1:    layout_diamond_mine, uniq_josephine
Orc:2:    grunt_orc_tribal_feast, layout_diamond_mine, okawaru_metal_pillars_1_2
Elf:1:    minmay_elf_arrival_summoners, layout_onion_city, serial_shops,
          nicolae_shop_behind_doors, shop, shop_statue, shop_statue,
          nicolae_shop_behind_doors, minmay_elf_annihilation,
          nicolae_rare_books, door_vault
Vaults:1: infiniplex_enter_wizlab_spiral, v_misc_1, v_misc_14, v_misc_2,
          nicolae_vaults_little_squares_6, vaults_mumra_lcd,
          ontoclasm_vaults_pinch, ontoclasm_vaults_bender, v_pattern_2,
          nicolae_vaults_little_squares_5, v_alt_pattern_5,
          nicolae_vaults_shelves_hall, v_misc_33, grunt_vaults_twisty,
          grunt_vaults_diagonal, layout_vaults_maze_snakey, serial_shops,
          nicolae_shop_bloodbath_and_beyond
Vaults:2: portal_desolation_entry_holy_temple, hangedman_vaults_corner,
          ontoclasm_vaults_ligature, kb_rosetta, hangedman_vaults_stream,
          v_misc_19, ontoclasm_vaults_misaligned, ontoclasm_vaults_eye,
          v_misc_15, v_misc_16, vaults_room_hallway, vaults_dpeg_diagonal,
          nicolae_vaults_three_branches, nicolae_vaults_mini_display_case,
          layout_vaults_omnibox, serial_shops, shop_fountains, uniq_margery
Vaults:3: gammafunk_ghost_smash, v_misc_19, minmay_crypt_entry_simple_sparse,
          nicolae_vaults_asterisk, vaults_room_door_ring,
          nicolae_vaults_border_crossing, nicolae_vaults_theta,
          nicolae_vaults_little_squares_4, hangedman_vaults_snaps,
          v_alt_pattern_2, ontoclasm_vaults_gateway, layout_vaults_big_room,
          serial_shops, shop
Depths:1: layout_cave_pools, abyss_entry, minmay_misc_feat_ornament,
          nicolae_hell_entry_big_baal_hell, grunt_ministairs_11, drop_trap,
          zin_purify
Depths:2: minmay_connected_triangles_in_corner, layout_gridville,
          pf_coc_iceberg, grunt_pan_entry_sceptre, minmay_crystal_water,
          grunt_gozag_breadcrumbs
Depths:3: minmay_box_of_curves, layout_cave_shapes, serial_shops,
          bzr_entry_water, hell_entry, minmay_room_of_horrors,
          nzn_wu_jian_contemplation, nicolae_uskayaw_en_pointe
Depths:4: grunt_zot_entry_funnels, layout_basic, enter_ziggurat_c,
          rand_demon_pan_entry_1, pf_hell_entry_great_geh,
          evilmike_spriggan_trog_shrine, uniq_boris

Skill      XL: |  1  2  3  4  5  6  7  8  9 10 11 12 13 14 15 16 17 18 19 20 21 22 23 |
---------------+----------------------------------------------------------------------+-----
Axes           | 3 5 6 8 11 14 16 18 | 18.0
Fighting       | 4 6 8 10 12 13 14 16 18 20 23 26 27 | 27.0
Shields        | 4 10 13 14 | 14.0
Armour         | 4 6 8 9 11 12 13 14 | 14.1
Dodging        | 2 5 6 |  6.1
Invocations    | 2 5 8 10 13 17 20 21 22 24 26 27 | 27.0
Evocations     | 4 6 8 |  8.1
Throwing       | 4 7 10 | 10.0
Bows           | 1 |  1.4

Action                   |  1- 3 |  4- 6 |  7- 9 | 10-12 | 13-15 | 16-18 | 19-21 | 22-24 || total
-------------------------+-------+-------+-------+-------+-------+-------+-------+-------++-------
Melee: War axe           |   108 |   191 |   243 |   924 |  1385 |  1664 |  1838 |   651 ||  7004
Throw: Dart              |       |       |    14 |    14 |     1 |     1 |     2 |     3 ||    35
Invok: Heal Other        |       |       |       |     6 |    28 |     9 |     2 |     2 ||    47
       Heal Self         |       |       |       |     2 |    15 |    11 |    12 |       ||    40
       Purification      |       |       |       |     3 |     2 |     6 |     6 |       ||    17
       Divine Vigour     |       |       |       |     1 |       |       |       |       ||     1
  Use: Scroll            |       |       |     4 |     5 |     5 |    24 |     9 |     2 ||    49
       Potion            |       |       |     2 |     1 |       |     5 |    19 |       ||    27
 Stab: Confused          |       |       |       |       |       |     1 |       |       ||     1
Armor: Scale mail        |    60 |    91 |     3 |       |       |       |       |       ||   154
       Ring mail         |       |       |   108 |   348 |   569 |    13 |       |       ||  1038
       Plate armour      |       |       |       |       |       |   807 |  1026 |   294 ||  2127
       Crystal plate arm |       |       |       |       |       |       |       |    17 ||    17
Dodge: Dodged            |    55 |    83 |   105 |   487 |   662 |   565 |   701 |   166 ||  2824
Block: Buckler           |    18 |    48 |    43 |   169 |   321 |     8 |       |       ||   607
       Kite shield       |       |       |       |       |       |  1271 |  1382 |   444 ||  3097
       Reflection        |       |       |       |       |       |    41 |    24 |    14 ||    79
